 Dungeon Crawl Stone Soup version 0.28-a0-683-ga8797d1ae1 (webtiles) character file.

Game seed: 8305584440170548029

29 pokeman the Magician (level 3, -3/20 HPs)
             Began as a Deep Elf Hedge Wizard on Oct 18, 2021.
             Slain by Sigmund (10 damage)
             ... on level 2 of the Dungeon.
             The game lasted 00:04:22 (1445 turns).

pokeman the Magician (Deep Elf Hedge Wizard)        Turns: 1445, Time: 00:04:22

Health: -3/20      AC:  4    Str:  7    XL:     3   Next: 1%
Magic:  6/11       EV: 11    Int: 19    God:
Gold:   41         SH:  0    Dex: 14    Spells: 1/12 levels left

rFire   . . .      SeeInvis .   l - +0 great mace
rCold   + . .      Faith    .   (shield currently unavailable)
rNeg    + . .      Spirit   .   m - +0 leather armour
rPois   .          Reflect  .   i - +0 helmet
rElec   .          Harm     .   (no cloak)
rCorr   .          Rampage  .   (no gloves)
Will    .....                   (no boots)
Stlth   ++........              (no amulet)
HPRegen 0.06/turn               f - ring of positive energy
MPRegen 0.12/turn               a - ring of protection from cold

@: no status effects
A: no striking features
a: no special abilities


You were on level 2 of the Dungeon.
You visited 1 branch of the dungeon, and saw 2 of its levels.

You collected 41 gold pieces.

Inventory:

Hand Weapons
 k - a +0 hand crossbow
 l - a +0 great mace (weapon)
Missiles
 g - 20 arrows
 n - 24 bolts
Armour
 i - a +0 helmet (worn)
 m - a +0 leather armour (worn)
Jewellery
 a - a ring of protection from cold (right hand)
 e - an amulet of faith
 f - a ring of positive energy (left hand)
Scrolls
 b - a scroll of immolation {unknown}
 d - a scroll of summoning {unknown}
 h - a scroll of fear {unknown}
Potions
 c - 2 potions of curing {unknown}
 j - a potion of degeneration {unknown}


   Skills:
 + Level 0.7 Fighting
 + Level 0.7 Armour
 - Level 2.4 Dodging
 - Level 2.4 Stealth
 * Level 5.0 Spellcasting
 + Level 1.7 Conjurations
 - Level 1.1 Summonings
 - Level 1.1 Translocations


You had one spell level left.
You knew the following spells:

 Your Spells              Type           Power      Damage    Failure   Level
a - Magic Dart            Conj           44%        1d5       9%          1
b - Mephitic Cloud        Conj/Pois/Air  7%         N/A       38%         3
c - Call Imp              Summ           9%         N/A       17%         2
d - Blink                 Tloc           N/A        N/A       17%         2
e - Conjure Flame         Conj/Fire      8%         6-21      36%         3

Your spell library contained the following spells:

 Spells                   Type           Power      Damage    Failure   Level
 Slow                     Hex            4%         N/A       26%         2


Dungeon Overview and Level Annotations

Branches:
Dungeon (2/15)

Altars:

Annotations:
D:2 Sigmund


Message History

You start memorising the spell.
You continue memorising. x3
You finish memorising.
Spell assigned to 'b'.
Memorise Call Imp, consuming 2 spell levels and leaving 6?
You start memorising the spell.
You continue memorising. x2
You finish memorising.
Spell assigned to 'c'.
Memorise Blink, consuming 2 spell levels and leaving 4?
You start memorising the spell.
You continue memorising. x2
You finish memorising.
Spell assigned to 'd'.
This spell is potentially lethal to cast!
Memorise Conjure Flame, consuming 3 spell levels and leaving 1?
You start memorising the spell.
You continue memorising. x3
You finish memorising.
Spell assigned to 'e'.
You open the door.
There is an open door here.
Sigmund shouts!
Casting: Magic Dart (safe; 9% risk of failure)
Confirm with . or Enter, or press ? or * to list all spells.
The spell is potentially lethal to cast (36% risk of failure)!
Continue anyway?
The fire begins to smoulder!
Sigmund gestures wildly while chanting.
Sigmund flickers and vanishes!
Deactivating autopickup; reactivate with Ctrl-A.
The fire ignites!
Casting: Conjure Flame (potentially lethal; 36% risk of failure)
Confirm with . or Enter, or press ? or * to list all spells.
The spell is potentially lethal to cast (38% risk of failure)!
Continue anyway?
Aiming: Mephitic Cloud (potentially lethal; 38% risk of failure)
Press: ? - help, Shift-Dir - straight line The ball explodes into a vile cloud!
The stinking cloud engulfs something but does no damage.
Unknown command.
Something hits you!
Ouch! That really hurt!
Unknown command.
You completely miss something. You closely miss something.
Something screams, "NO!
I can't bear this much noise."
Something hits you!
Ouch! That really hurt!
You die...

....#####.#..... ... )...#
#.##.###### ... ....# #.##......#
... ..#######.##......# ###
..##.......#......####### #######
#..........#......#.....# #.....#
#.#...............#.....# #.....#
.<#........#..#####...$.###.....#
............>...@{°○.............
........###......##.....###.....#
........# #......# ######........
........# #......# #........
........####.....# #........
........##.......# #........
.........'.......# #........
.......###.......########........
.......[.####....................


There were no monsters in sight!

Vanquished Creatures
  4 bats (D:1)
  3 endoplasms
  3 giant cockroaches
  2 goblins
  3 hobgoblins
  3 ball pythons
  5 frilled lizards
  A kobold (D:1)
  3 rats
27 creatures vanquished.

Notes
Turn   | Place    | Note
-------+----------+-------------------------------------------
     0 | D:1      | pokeman the Deep Elf Hedge Wizard began the quest for the
                  | Orb.
     0 | D:1      | Reached XP level 1. HP: 10/10 MP: 7/7
   214 | D:1      | Reached XP level 2. HP: 16/16 MP: 3/9
   908 | D:2      | Reached skill level 5 in Spellcasting
   941 | D:2      | Noticed Sigmund
  1303 | D:2      | Found a faded altar of an unknown god.
  1386 | D:2      | Reached XP level 3. HP: 20/20 MP: 8/11
  1390 | D:2      | Learned a level 3 spell: Mephitic Cloud
  1393 | D:2      | Learned a level 2 spell: Call Imp
  1396 | D:2      | Learned a level 2 spell: Blink
  1400 | D:2      | Learned a level 3 spell: Conjure Flame
  1445 | D:2      | Slain by Sigmund

Illustrated notes

Levels and vault maps discovered:
D:1:      lemuel_arrival_broad_hall, layout_rooms
D:2:      layout_basic, dilly_ecumenical_altar_fadedgnrine, uniq_sigmund

Skill      XL: |  1  2 |
---------------+-------+-----
Spellcasting   | 5 |  5.0
Fighting       | |  0.7
Armour         | |  0.7
Dodging        | |  2.4
Stealth        | |  2.4
Conjurations   | |  1.7
Summonings     | |  1.1
Translocations | |  1.1

Action                   || total
-------------------------++-------
Melee: Great mace        ||     2
 Cast: Magic Dart        ||    63
       Conjure Flame     ||     1
       Mephitic Cloud    ||     1
Armor: Robe              ||     2
Dodge: Dodged            ||     7

Table legend: (Time is in decaauts)
 A = Elapsed time spent in this place.
 B = Non-inter-level travel time spent in this place.
 C = Inter-level travel time spent in this place.
 D = Time resting spent in this place.
 E = Time spent auto-exploring this place.
 F = Levels seen in this place.
 G = Mean time per level.
                   A        B        C        D        E       F      G
               +--------+--------+--------+--------+--------+-----+--------+
         Total |   1444 |   1431 |     13 |    136 |    771 |   2 |  722.0 |
       Dungeon |   1444 |   1431 |     13 |    136 |    771 |   2 |  722.0 |
               +--------+--------+--------+--------+--------+-----+--------+

Top non-repeatable levels by time:
     D:1: 764 daAuts
     D:2: 679 daAuts
